AoeStats
← Chitreano

Arabia

510445294Analyzed
3v3 RM · 1d ago on Oct 1, 2026· 23m 31s· 6 players
Game mode
Random Map
Map size
Normal (6 player)
Population
200
Speed
Normal
Resources
Standard
Victory
Conquest
Starting age
Dark Age
Ending age
Imperial Age
RankedLock teamsTeams togetherTeam positionsShared explorationLock speedFull tech treeHidden civsTurbo modeCheats
Victory
Defeat
🇨🇱 Magyars · Chile
1327
+12
🇨🇱 Ethiopians · Chile
1323
+13
🇨🇱 Saracens · Chile
1284
+14
🇨🇦 Persians · Canada
1267
-14
🇵🇦 Vikings · Panama
1247
-13
🇵🇦 Mongols · Panama
1224
-12
Mancodios
7:22 Loom
10:02 Feudal Age
14:54 Fletching
20:40 Horse Collar
20:53 Double-Bit Axe
Leonardo
6:16 Loom
8:48 Feudal Age
9:41 Double-Bit Axe
18:01 Bloodlines
21:31 Horse Collar
24:07 Castle Age
22:29 Scale Barding Armor
22:38 Gold Mining
Gus Dekkers
6:14 Loom
9:06 Feudal Age
16:01 Fletching
18:10 Padded Archer Armor
TrueDisplay
6:15 Loom
8:31 Feudal Age
19:29 Scale Barding Armor
21:13 Forging
OnlyFarms
9:32 Feudal Age
8:32 Loom
10:01 Man-at-Arms
15:07 Arson
21:05 Fletching
23:36 Fletching
Chitreano
5:48 Loom
9:27 Feudal Age
15:11 Bloodlines
15:27 Scale Barding Armor
17:09 Double-Bit Axe
21:52 Scale Mail Armor
25:50 Castle Age
Connection lost

Rejoining the realm…

Still unreachable

The connection could not be restored.

Session expired

The server has moved on; the page needs a fresh start.